Cogmind - Beta 15 @@@ ROGUE MODE // 2025.09.08 @ 09:36:09 Player: lepire Result: Self-destructed Performance ------------- Evolutions (0) 0 Regions Visited (4) 800 Robots Destroyed (9) 45 Value Destroyed (76) 76 Prototype IDs (0) 0 Alien Tech Used (0) 0 Bonus (49) 49 TOTAL SCORE: 970 Bonus ------- Follower Combat Kills 49 Cogmind --------- Core Integrity 250/250 Matter 300/300 Energy 250/250 System Corruption 1% Temperature Cool (0) Movement Treading (160) Location -9/Mines Parts ------- > --- POWER (1) -------- Ion Engine > --- PROPULSION (2) --- Light Treads Light Treads > --- UTILITY (2) ------ Small Storage Unit Seismic Detector > --- WEAPON (2) ------- Medium Laser Assault Rifle > --- INVENTORY (8) ---- Ion Engine Wheel Compact Wheel Visual Processing Unit Improved Terrain Scanner Grenade Launcher Mining Laser Peak State ------------ > --- POWER ------------ Ion Engine > --- PROPULSION ------- Aluminum Leg Aluminum Leg > --- UTILITY ---------- Small Storage Unit Seismic Detector > --- WEAPON ----------- Medium Laser Assault Rifle > --- INVENTORY -------- Light Ion Engine Wheel Compact Wheel Visual Processing Unit Improved Terrain Scanner Grenade Launcher Mining Laser [Rating: 8] Favorites ----------- Power Ion Engine Engine Ion Engine Propulsion Light Treads Treads Light Treads Leg Aluminum Leg Utility Small Storage Unit Device Seismic Detector Storage Small Storage Unit Weapon Assault Rifle Energy Gun Medium Laser Ballistic Gun Assault Rifle Build | -11 -10 -10 -10 -9 ------- Run | Yrd Mat Min Exi Min Slots Evolved . | . . . . . Power . | . . . . . Propulsion . | . . . . . Utility . | . . . . . Weapon . | . . . . . Parts Attached 10 | 8 2 . . . Power 1 | 1 . . . . Engine 1 | 1 . . . . Core . | . . . . . Reactor . | . . . . . Propulsion 4 | 2 2 . . . Treads 2 | . 2 . . . Leg 2 | 2 . . . . Wheel . | . . . . . Hover . | . . . . . Flight . | . . . . . Utility 3 | 3 . . . . Device 2 | 2 . . . . Storage 1 | 1 . . . . Processor . | . . . . . Hackware . | . . . . . Protection . | . . . . . Artifact . | . . . . . Weapon 2 | 2 . . . . Energy Gun 1 | 1 . . . . Energy Cannon . | . . . . . Ballistic Gun 1 | 1 . . . . Ballistic Cannon . | . . . . . Launcher . | . . . . . Special Weapon . | . . . . . Impact Weapon . | . . . . . Slashing Weapon . | . . . . . Piercing Weapon . | . . . . . Special Melee Weapon . | . . . . . Unidentified Prototypes . | . . . . . Parts Lost . | . . . . . Power . | . . . . . Propulsion . | . . . . . Utility . | . . . . . Weapon . | . . . . . Highest Loss Streak . | . . . . . To Critical Strikes . | . . . . . Average Backups 6 | 2 6 7 7 7 Power . | . 1 1 1 1 Propulsion 1 | 1 2 2 2 2 Utility 1 | . 1 2 2 2 Weapon 1 | . 1 2 2 2 Tool/Special . | . . . . . Unused Backups 9 | . 2 . . 7 Power 3 | . 2 . . 1 Propulsion 2 | . . . . 2 Utility 2 | . . . . 2 Weapon 2 | . . . . 2 Tool/Special . | . . . . . Average Slot Usage (%) 100 | . 100 100 100 100 Engine 14 | . 14 14 14 14 Treads 24 | . 9 28 28 28 Leg 3 | . 18 . . . Device 14 | . 14 14 14 14 Storage 14 | . 14 14 14 14 Energy Gun 14 | . 14 14 14 14 Ballistic Gun 14 | . 14 14 14 14 Peak Build Rating 8 | 7 8 8 8 8 Average Rating 7 | 5 7 8 8 8 On Entrance 6 | . 7 8 8 8 Naked Turns . | . . . . . Heaviest Build 15 | 15 15 15 15 15 Greatest Support 40 | 20 40 40 40 40 Greatest Overweight (x) . | . . . . . Average Overweight (x) . | . . . . . Largest Inventory Capacity 8 | 8 8 8 8 8 Average Capacity 7 | 7 8 8 8 8 Most Carried 8 | 5 8 7 7 7 Average Carried 6 | 2 6 7 7 7 Final Capacity 8 | 8 8 8 8 8 Final Carried 7 | 5 7 7 7 7 Class Distribution -------------------- 100% | Mutant Dominant Class ---------------- Mutant | -10/Materials Mutant | -10/Mines Mutant | -10/Exiles Mutant | -9/Mines Resources | -11 -10 -10 -10 -9 ----------- Run | Yrd Mat Min Exi Min Matter Collected 396 | 346 35 . . 15 Remotely 37 | 37 . . . . Salvage Created 234 | 173 61 . . . Parts 21 | 16 5 . . . Haulers Intercepted 1 | . 1 . . . Recyclers Shooed 1 | 1 . . . . Parts Field Recycled . | . . . . . Retrieved Matter . | . . . . . Parts Self-Destructed . | . . . . . Prevented . | . . . . . Kills | -11 -10 -10 -10 -9 ------- Run | Yrd Mat Min Exi Min Combat Hostiles Destroyed . | . . . . . Classes Destroyed 4 | 2 2 . . . Tunneler 6 | 6 . . . . Hauler 1 | . 1 . . . Recycler 1 | 1 . . . . Operator 1 | . 1 . . . Best Kill Streak 2 | 2 1 . . . Combat Bots Only . | . . . . . Max Kills in Single Turn 1 | 1 1 . . . Gunslinging . | . . . . . Exploded . | . . . . . Melee . | . . . . . Uniques/NPCs Destroyed . | . . . . . Combat | -11 -10 -10 -10 -9 -------- Run | Yrd Mat Min Exi Min Hostile Shots Fired 4 | . 3 . . 1 Missed 2 | . 2 . . . Hits 2 | . 1 . . 1 Projectile 2 | . 1 . . 1 Damage Taken 18 | . 12 . . 6 Core . | . . . . . Absorbed by Shields . | . . . . . Core Remaining (%) 100 | 100 . . . . Volleys Fired 29 | 22 5 1 . 1 Largest 2 | 2 2 2 . 2 Hottest 70 | 70 70 70 . 70 Shots Fired 58 | 44 10 2 . 2 Gun 58 | 44 10 2 . 2 Cannon . | . . . . . Launcher . | . . . . . Special . | . . . . . Kinetic 29 | 22 5 1 . 1 Thermal 29 | 22 5 1 . 1 Explosive . | . . . . . Electromagnetic . | . . . . . Robot Hit Streak 10 | 10 2 . . . Robot Miss Streak 4 | 3 1 2 . 4 Penetration Max . | . . . . . Secondary Targets . | . . . . . Shots Hit Robots 34 | 28 6 . . . Core Hits 11 | 8 3 . . . Critical Kills . | . . . . . Critical Parts Destroyed . | . . . . . Critical Strikes 2 | 2 . . . . Burn 2 | 2 . . . . Melee Attacks . | . . . . . Impact . | . . . . . Slashing . | . . . . . Piercing . | . . . . . Sneak Attacks . | . . . . . Combat Hostiles . | . . . . . Follow-up Attacks . | . . . . . Damage Inflicted 471 | 374 77 14 . 6 Guns 464 | 374 77 13 . . Cannons . | . . . . . Explosions . | . . . . . Melee . | . . . . . Ramming 7 | . . 1 . 6 Kinetic 186 | 134 52 . . . Thermal 278 | 240 25 13 . . Explosive . | . . . . . Electromagnetic . | . . . . . Impact . | . . . . . Slashing . | . . . . . Piercing . | . . . . . Highest Corruption 1 | . 1 1 1 1 Average Corruption 1 | . 1 1 1 1 Corruption Purged . | . . . . . Corruption Blocked . | . . . . . Effects 3 | . . 2 . 1 Message Errors 1 | . . 1 . . Matter Fused 1 | . . . . 1 Energy Discharges 1 | . . 1 . . Overload Shots . | . . . . . Overflow Damage . | . . . . . Projectiles . | . . . . . Explosions . | . . . . . Melee . | . . . . . Knockbacks . | . . . . . Impact . | . . . . . Kinetic . | . . . . . Secondary . | . . . . . Self-Inflicted Damage . | . . . . . Shots . | . . . . . Rammed 2 | . . 1 . 1 Targets Rammed 2 | . . 1 . 1 Kicked . | . . . . . Crushed . | . . . . . Highest Temperature 45 | 45 18 9 . 9 Average Temperature 14 | 16 7 6 . 6 Received Heat Transfer 6 | . 6 . . . Siege Activations . | . . . . . Martial Activations . | . . . . . Shielding Activations . | . . . . . Robots Disrupted . | . . . . . Combat Hostiles . | . . . . . Robots Corrupted . | . . . . . Combat Hostiles . | . . . . . Parts Fried . | . . . . . Impact Corruptions . | . . . . . Robots Melted . | . . . . . Combat Hostiles . | . . . . . Parts Melted 1 | 1 . . . . Heat Transferred 962 | 851 74 37 . . Parts Sabotaged . | . . . . . Parts Stolen . | . . . . . Parts Stripped . | . . . . . Power Chain Reactions . | . . . . . Alert | -11 -10 -10 -10 -9 ------- Run | Yrd Mat Min Exi Min Maximum Alert Level . | . . . . . Low Security (%) 100 | 100 100 100 . 100 Level 1 . | . . . . . Level 2 . | . . . . . Level 3 . | . . . . . Level 4 . | . . . . . Level 5 . | . . . . . High Security . | . . . . . Max Security . | . . . . . Peak Influence 96 | 5 7 96 . 61 Initial . | . . . . . Average 9 | 1 . 22 . 14 Influence Increases 250 | 35 12 96 . 107 Destroy 0b10 Robot/C 140 | . . 60 . 80 Destroy 0b10 Robot/NC 45 | 35 10 . . . Destroy Leader 12 | . 2 10 . . Allied During Kill 23 | . . 11 . 12 Disable Machine 15 | . . 15 . . Lose Combat Pursuer 15 | . . . . 15 Influence Decreases 199 | 35 12 30 66 56 Entered New Map 66 | . . . 66 . Time Decay 133 | 35 12 30 . 56 Squads Dispatched 2 | . 2 . . . Investigation 1 | . 1 . . . Extermination . | . . . . . Reinforcement 1 | . 1 . . . Assault . | . . . . . Garrison . | . . . . . Intercept . | . . . . . Searches Triggered . | . . . . . Construction Impeded . | . . . . . Haulers Reinforced . | . . . . . Active Scanning Responses . | . . . . . Cargo Convoy Interrupts . | . . . . . Stealth | -11 -10 -10 -10 -9 --------- Run | Yrd Mat Min Exi Min Distress Signals 1 | . 1 . . . Communications Jammed . | . . . . . Distress Signals . | . . . . . Times Spotted 13 | . 4 3 . 6 Peak Tracking Total 3 | . 3 3 . 3 Tactical Retreats 1 | . . . . 1 Traps | -11 -10 -10 -10 -9 ------- Run | Yrd Mat Min Exi Min Traps Triggered . | . . . . . Indirectly . | . . . . . Trap Hack Attempts . | . . . . . Triggered . | . . . . . Disarmed . | . . . . . Reprogrammed . | . . . . . Reused . | . . . . . Traps Extracted . | . . . . . Installed . | . . . . . Triggered . | . . . . . Machines | -11 -10 -10 -10 -9 ---------- Run | Yrd Mat Min Exi Min Machines Disabled 2 | . 1 1 . . Max in Single Turn 1 | . 1 . . . Machines Repaired . | . . . . . Machines Dismantled . | . . . . . Machines Sabotaged . | . . . . . Overloaded Fab Kills . | . . . . . Hacking | -11 -10 -10 -10 -9 --------- Run | Yrd Mat Min Exi Min Machines Accessed 3 | . 1 . . 2 Terminals 2 | . 1 . . 1 Fabricators . | . . . . . Repair Stations . | . . . . . Recycling Units . | . . . . . Scanalyzers . | . . . . . Garrison Access . | . . . . . Total Hacks 6 | . 3 . . 3 Successful 1 | . . . . 1 Failed 5 | . 3 . . 2 Catastrophic 1 | . 1 . . . Database Lockouts . | . . . . . Manual . | . . . . . Terminals 5 | . 3 . . 2 Fabricators . | . . . . . Repair Stations . | . . . . . Recycling Units . | . . . . . Scanalyzers . | . . . . . Garrison Access . | . . . . . Terminal Hacks 1 | . . . . 1 Open Door 1 | . . . . 1 Fabricator Hacks . | . . . . . Repair Station Hacks . | . . . . . Recycling Unit Hacks . | . . . . . Scanalyzer . | . . . . . Garrison Access Hacks . | . . . . . Unauthorized Hacks . | . . . . . Terminals . | . . . . . Fabricators . | . . . . . Repair Stations . | . . . . . Recycling Units . | . . . . . Scanalyzers . | . . . . . Garrison Access . | . . . . . Data Cores Recovered . | . . . . . Used . | . . . . . Hacking Detections 2 | . 1 . . 1 Full Trace Events 1 | . 1 . . . Feedback Events 1 | . 1 . . . Corruption 1 | . 1 . . . Feedback Blocked . | . . . . . Robot Schematics Acquired . | . . . . . Robots Built . | . . . . . Authchips . | . . . . . Time . | . . . . . Total Robot Build Rating . | . . . . . Part Schematics Acquired . | . . . . . Parts Built . | . . . . . Authchips . | . . . . . Time . | . . . . . Total Part Build Rating . | . . . . . Parts Repaired . | . . . . . Time . | . . . . . Parts Recycled . | . . . . . Recycled Matter . | . . . . . Retrieved Matter . | . . . . . Retrieved Components . | . . . . . Parts Scanalyzed . | . . . . . Part Schematics Acquired . | . . . . . Parts Damaged . | . . . . . Bothacking | -11 -10 -10 -10 -9 ------------ Run | Yrd Mat Min Exi Min Used RIF Installer . | . . . . . Robots Hacked . | . . . . . Non-combat . | . . . . . Combat . | . . . . . Robot Hacks Applied . | . . . . . Relay Couplers Released . | . . . . . Fabnet Peak Effective % . | . . . . . Robots Rewired . | . . . . . Allies Hacked . | . . . . . Hacks Repelled . | . . . . . Allies | -11 -10 -10 -10 -9 -------- Run | Yrd Mat Min Exi Min Total Allies 3 | . . 3 . . Largest Group 3 | . . 3 3 3 Highest-Rated Group 40 | . . 40 40 40 Highest-Rated Ally 16 | . . 16 16 16 Total Orders . | . . . . . Ally Attacks 19 | . . 6 . 13 Total Damage 170 | . . 35 . 135 Kills 7 | . . 3 . 4 Allies Corrupted . | . . . . . Allies Melted . | . . . . . Intel | -11 -10 -10 -10 -9 ------- Run | Yrd Mat Min Exi Min Active Infowar (turns) 1363 | 18 229 225 636 255 Seismic 1363 | 18 229 225 636 255 Robot Analysis Total . | . . . . . Derelict Logs Recovered 1 | . . 1 . . Drone Launches . | . . . . . Drone Recoveries . | . . . . . Exploration | -11 -10 -10 -10 -9 ------------- Run | Yrd Mat Min Exi Min Turns Passed 1595 | 250 229 225 636 255 Spaces Moved 969 | 144 145 137 398 145 Core 8 | 8 . . . . Treads 725 | . 45 137 398 145 Legs 236 | 136 100 . . . Wheels . | . . . . . Hover . | . . . . . Flight . | . . . . . Fastest Speed 50 | 50 120 160 160 160 Average Speed 149 | 116 132 160 160 160 Slowest Speed 160 | 120 160 160 160 160 Overloaded Moves . | . . . . . Propulsion Burnouts . | . . . . . Robots Hopped . | . . . . . Potential Cave-ins . | . . . . . Cave-ins Triggered . | . . . . . Exploration Rate (%) 31 | 5 29 24 65 33 Regions Visited 4 Branch Regions 3 Pre-discovered Areas . | . . . . . Known Exits Taken . | . . . . . Unknown Exits Taken 4 | 1 1 1 1 . Scrap Searched . | . . . . . Spaces Dug . | . . . . . Terrain Destroyed . | . . . . . Melee . | . . . . . Projectile . | . . . . . AOE . | . . . . . Terrain Rammed . | . . . . . Walls Destroyed . | . . . . . Machines Disabled . | . . . . . Actions | -11 -10 -10 -10 -9 --------- Run | Yrd Mat Min Exi Min Total 1055 | 179 174 140 397 165 Wait 35 | . 15 2 . 18 Move 965 | 143 144 136 397 145 Hop . | . . . . . Pick Up 11 | 6 5 . . . Fast Attach 6 | 6 . . . . Attach 1 | 1 . . . . Detach . | . . . . . Swap 3 | 1 2 . . . Drop 3 | . 3 . . . Fire 29 | 22 5 1 . 1 Melee . | . . . . . Ram . | . . . . . Kick . | . . . . . Crush 2 | . . 1 . 1 Escape Stasis . | . . . . . Rewire . | . . . . . Trap . | . . . . . Miscellaneous . | . . . . . Route ------- -11/Scrapyard -10/Materials -10/Mines -10/Exiles -9/Mines History --------- Turn | Location | Event 8 | -11/Scrapyard | Discovered new exit (range 16) 251 | -11/Scrapyard | Entered Materials 252 | -10/Materials | Met a group of wandering Federalists 311 | -10/Materials | Build established: Mutant 381 | -10/Materials | Discovered new exit (range 6) 480 | -10/Materials | Entered Mines 498 | -10/Mines | Learned 2 Materials zone layouts 524 | -10/Mines | Assisted by bots powering up and referring to "LRC-V3" 684 | -10/Mines | Deemed a non-threat by the Exiles lab entrance 685 | -10/Mines | Discovered new exit (range 5) 705 | -10/Mines | Entered Exiles 705 | -10/Exiles | Accompanied by 3 allies 744 | -10/Exiles | Met 8R-AWN 771 | -10/Exiles | Met EX-HEX 849 | -10/Exiles | Met EX-DEC 957 | -10/Exiles | Discovered new exit (range 12) 1089 | -10/Exiles | Met EX-BIN 1341 | -10/Exiles | Entered Mines 1341 | -9/Mines | Accompanied by 3 allies 1387 | -9/Mines | Met a Derelict who couldn't figure out how to use a Trap Extractor 1596 | -9/Mines | Self-destructed Last Messages --------------- 01373_ System corrupted: Matter fused (-9). 01383_ K-01 Serf collects debris. 01386_ Connecting with SHOP.Sys... >>Open Door Sealed Doors opened. 01387_ N9-VEX(g): "So I found this thing but I have no idea how to use it. And who the hell trapped this place to begin with?!" 01387_ N9-VEX(g): "I give up! Here you try, I'm outta here before something nasty happens..." 01387_ Tosses Imp. Trap Extractor to the ground. 01387_ K-01 Serf collects debris. 01406_ S-10 Pest destroyed. 01410_ K-01 Serf collects debris. 01415_ Acquired 11 matter. 01416_ K-01 Serf collects debris. 01416_ Acquired 4 matter. 01424_ K-01 Serf collects debris. 01426_ Slammed into K-01 Serf. 01567_ S-10 Pest destroyed. Map ----- +----------------------------------------------------+ | ?????????????????????????????????????????????????? | | ##????????######??????????##?????????????????????? | | ##???????# ##????????# ##????????????????????? | | ##??????# ##??????# #????????????????????? | | #???????# ####### ## #?????????????????? | | ########### #?????????????????? | | #?????????????????????? | | #???????????????????????? | | ############ ##???????????????????????? | | # ##??????????##### ##????????????????????????? | | ## #???????????????# ###??##?????????????????????? | | ?# #???????????????# #???? ?????????????????????? | | ?# ???????????????# #???# #?????????????????????? | | ?####??????????????#%#???# #?????????????????????? | | ???????????????????#%#?### ##????????????????????? | | ???????????# #######[### #??#?????????????????? | | #####??# *%=== ## #?????????????????? | | # ###????#########! #?????????????????? | | #????????????##### ####?????????????????? | | ## #?????????????# #????????????????????? | | #?????????????# #????????????????????? | | #?????????????????# #????????????????????? | | #?????????????????## ##????????????????????? | | #??????????????????# #?????????????????????? | | ##????????????????### #?????????????????????? | | ###?????????????????# u@ #?????????????????????? | | ###???????????????????# ####?????????????????????? | | ??????????????????????# ?????????????????????????? | | ??????????????????????#??????????????????????????? | | ?????????????????????????????????????????????????? | | ?????????????????????????????????????????????????? | | ?????????????????????????????????????????????????? | | ?????????????????????????????????????????????????? | | ?????????????????????????????????????????????????? | | ?????????????????????????????????????????????????? | | ?????????????????????????????????????????????????? | | ?????????????????????????????????????????????????? | | ?????????????????????????????????????????????????? | | ?????????????????????????????????????????????????? | | ?????????????????????????????????????????????????? | | ?????????????????????????????????????????????????? | | ?????????????????????????????????????????????????? | | ?????????????????????????????????????????????????? | | ?????????????????????????????????????????????????? | | ?????????????????????????????????????????????????? | | ?????????????????????????????????????????????????? | | ?????????????????????????????????????????????????? | | ?????????????????????????????????????????????????? | | ?????????????????????????????????????????????????? | | ?????????????????????????????????????????????????? | +----------------------------------------------------+ Best States ------------- Heat Dissipation 25 Energy Generation 10 Energy Capacity 250 Matter Stores 300 Matter Capacity 300 Sight Range 16 Terrain Scan Density 10 Evasion (%) 55 Recoil Reduction 2 Item Schematics ----------------- None Robot Schematics ------------------ None Fabricated ------------ Nothing Repaired ---------- Nothing Alien Tech Used ----------------- None Achievements -------------- None Challenges ------------ None Game ------ Seed EfficiencyWarpScrap Manual? 0 Play Time 00:10:33 Cumulative 45.9 hours Start 2025.09.08 @ 06:20:59 End 2025.09.08 @ 09:36:09 Sessions 3 Manual Loads 0 Difficulty Rogue Special Mode None Game No. 55 Rogue 25 Adventurer 30 Explorer 0 Win Type - Total 0 Types 0/0/0/0/0/0/0/0/0/0 Lore% 15 Gallery% 29 Achievement% 26 Wizard Run 0 Options --------- Layout 1 ASCII 0 Keyboard 1 Movement Arrows Keybinds 0 Fullscreen 1 Font 24/Terminus Map View 50x35 Zoom Use 0% Tactical HUD 1 Map Filters NONE Filters NONE Steam 1 RUN: 0e9e9451-6439-4172-9cde-5d5bef88542f